 Dungeon Crawl Stone Soup version 0.28.0-53-g5a82cb258f (webtiles) character file.

Game seed: 4605974510173912608

37 Zeld the Conjurer (level 3, 0/19 HPs)
             Began as a Deep Elf Conjurer on May 24, 2022.
             Succumbed to an adder's poison
             ... on level 2 of the Dungeon.
             The game lasted 00:01:15 (1618 turns).

Zeld the Conjurer (Deep Elf Conjurer)               Turns: 1618, Time: 00:01:16

Health: 0/19       AC:  2    Str:  4    XL:     3   Next: 21%
Magic:  10/10      EV: 12    Int: 24    God:
Gold:   11         SH:  0    Dex: 13    Spells: 6/9 levels left

rFire   . . .      SeeInvis .   e - +0 mace (venom)
rCold   . . .      Faith    .   (no shield)
rNeg    . . .      Spirit   .   a - +0 robe
rPois   .          Reflect  .   (no helmet)
rElec   .          Harm     .   (no cloak)
rCorr   .          Rampage  .   (no gloves)
Will    .....                   (no boots)
Stlth   ++........              (no amulet)
HPRegen 0.06/turn               (no ring)
MPRegen 0.12/turn               (no ring)

@: lethally poisoned (0 -> -4)
A: no striking features
a: no special abilities


You were on level 2 of the Dungeon.
You visited 1 branch of the dungeon, and saw 2 of its levels.

You collected 11 gold pieces.

Inventory:

Hand Weapons
 e - a +0 mace of venom (weapon)
Armour
 a - a +0 robe (worn)
Scrolls
 d - a scroll of vulnerability {unknown}
Potions
 b - a potion of might {unknown}
 c - a potion of lignification {unknown}
 f - a potion of brilliance {unknown}
 g - 2 potions of curing {unknown}
 h - 2 potions of heal wounds {unknown}


   Skills:
 - Level 2.4 Dodging
 - Level 2.4 Stealth
 * Level 3.7 Spellcasting
 * Level 4.8 Conjurations
 + Level 1.3 Hexes
 + Level 1.1 Translocations


You had 6 spell levels left.
You knew the following spells:

 Your Spells              Type           Power      Damage    Failure   Level
a - Magic Dart            Conj           100%       1d8       1%          1
b - Searing Ray           Conj           54%        2d6       1%          2

Your spell library contained the following spells:

 Spells                   Type           Power      Damage    Failure   Level
 Dazzling Flash           Conj/Hex       38%        N/A       9%          3
 Fulminant Prism          Conj/Hex       9%         3d7       28%         4
 Iskenderun's Mystic Bla  Conj/Tloc      18%        2d6       28%         4


Dungeon Overview and Level Annotations

Branches:
Dungeon (2/15)

Altars:

Shops:
D:1 ?


Message History

The quokka skeleton bites you.
You hit the quokka skeleton.
The quokka skeleton is severely damaged.
The quokka skeleton bites you.
The quokka skeleton bites you but does no damage.
You hit the quokka skeleton.
You destroy the quokka skeleton!
No target in view!
HP restored.
Found 33 stones.
A frilled lizard comes into view.
Found an arrow.
The frilled lizard hisses angrily.
The frilled lizard bites you.
A frilled lizard is nearby!
You hit the frilled lizard.
The frilled lizard is poisoned.
The frilled lizard is heavily wounded.
You kill the frilled lizard!
An adder and an endoplasm come into view.
The endoplasm quivers.
There are monsters nearby!
Found a stone staircase leading down.
There are monsters nearby!
There are monsters nearby!
You closely miss the adder. The adder barely misses you.
The endoplasm freezes you.
You are frozen.
The adder barely misses you.
You hit the adder but do no damage.
The adder is poisoned.
The adder bites you. The endoplasm freezes you.
You are frozen.
The adder bites you. The endoplasm hits you.
You are too injured to fight recklessly!
The adder bites you.
* * * LOW HITPOINT WARNING * * *
You are lethally poisoned!
The adder poisons you!
* * * LOW HITPOINT WARNING * * *
You feel sick.
* * * LOW HITPOINT WARNING * * *
You feel sick.
You die...

#.......## #.....#
#........###.....#
#........##......# ###
#.....(..##......# ..#
#........##(....##
#.####......#.##..J..#
#....#.#....#.##.S...#
####.#.#.#.##.##.....#
.....#.#.#....##@....#
#....#.#.#........####
..#.#..#.##.#.###.#
###....#.##.#..##.#
....(..#.##.#..##.#
#####....##.#.....#
####.# ##.#### ### .#
##


You could see an adder (poisoned) and an endoplasm.

Vanquished Creatures
  3 dart slugs (D:1)
  5 bats (D:1)
  4 endoplasms
  3 giant cockroaches (D:1)
  2 quokkas (D:1)
  2 ball pythons (D:1)
  4 frilled lizards
  3 kobolds (D:1)
  A quokka skeleton (D:2)
  4 rats
31 creatures vanquished.

Notes
Turn   | Place    | Note
-------+----------+-------------------------------------------
     0 | D:1      | Zeld the Deep Elf Conjurer began the quest for the Orb.
     0 | D:1      | Reached XP level 1. HP: 10/10 MP: 6/6
   161 | D:1      | Found Hygah's Magic Scroll Shop.
   178 | D:1      | Reached XP level 2. HP: 15/15 MP: 4/8
   669 | D:1      | Reached skill level 1 in Hexes
   790 | D:1      | Learned a level 2 spell: Searing Ray
  1089 | D:1      | Reached skill level 1 in Translocations
  1094 | D:1      | Reached XP level 3. HP: 11/19 MP: 10/10
  1618 | D:2      | Succumbed to an adder's poison

Illustrated notes

Levels and vault maps discovered:
D:1:      evilmike_arrival_crescent, layout_basic, serial_shops, shop
D:2:      layout_basic, basic_ecumenical_altar, columned_hall_lemuel,
          uniq_natasha

Skill      XL: |  1  2 |
---------------+-------+-----
Hexes          | 1 |  1.3
Translocations | 1 |  1.1
Dodging        | |  2.4
Stealth        | |  2.4
Spellcasting   | |  3.7
Conjurations   | |  4.8

Action                   || total
-------------------------++-------
Melee: Mace              ||    45
 Cast: Magic Dart        ||    28
 Stab: Sleeping          ||     4
Armor: Robe              ||     5
Dodge: Dodged            ||    30
